cohdb
Replays
Latest Replays
All Replays
Popular Replays
Top Player Replays
Match Explorer
How It Works
Community
CoH3 Stats
Reddit
Sign in to upload your games and track your stats! →
Sign in with Steam
Match 45470469
Unlisted
Match 45470469
Overview
Messages
Build Orders
End
Royal Engineer Section
Selects Canadian Shock Battlegroup
Royal Engineer Section
Construct Section Command Post
Infantry Section
Grenade Package
Infantry Section
Selects Attacking Spirit
Selects Canadian Shock Section
Construct Platoon Command Post
Selects Incendiary Munitions
Vickers Machine Gun Team
Construct Field Infirmary
Unlock M3 Stuart Light Tanks
M3 Stuart Light Tank
Infantry Section
matjouz
FR
0
0
Comments
sign in to comment!
No comments posted yet!